 Dungeon Crawl Stone Soup version 0.19-a0-1223-gf83d13a (webtiles) character file.

1236 mrath the Magician (level 8, -16/41 HPs)
             Began as a Gargoyle Earth Elementalist on Aug 23, 2016.
             Killed from afar by 4thArraOfDagon's ghost (24 damage)
             ... with a fireball
             ... on level 6 of the Dungeon on Aug 24, 2016.
             The game lasted 00:41:57 (7706 turns).

mrath the Magician (Gargoyle Earth Elementalist)    Turns: 7706, Time: 00:41:57

Health: -16/41     AC: 10    Str: 12    XL:     8   Next: 49%
Magic:  10/18      EV: 12    Int: 18    God:
Gold:   352        SH:  0    Dex: 10    Spells: 2 memorised, 16 levels left

rFire  . . .     SeeInvis .     j - +0 whip
rCold  . . .     Gourm    .     c - +0 robe
rNeg   + . .     Faith    .     (no shield)
rPois  ∞         Spirit   .     (no helmet)
rElec  +         Dismiss  .     x - +1 cloak
rCorr  .         Reflect  .     w - +0 pair of gloves
MR     .....     Harm     .     (no boots)
Stlth  +++.......               (no amulet)
                                n - ring of stealth
                                (no ring)

@: no status effects
A: negative energy resistance 1, electricity resistance, unbreathing,
petrification resistance, rot immunity, AC +5
a: no special abilities


You were on level 6 of the Dungeon.
You were very hungry.

You visited 1 branch of the dungeon, and saw 6 of its levels.

You collected 352 gold pieces.

Inventory:

Hand Weapons
 f - a +0 flail
 i - a +0 mace
 j - a +0 whip (weapon)
 u - a +0 blowgun
 J - a +0 hunting sling
Missiles
 b - 233 stones
 g - 13 tomahawks
 o - 57 sling bullets
 t - 2 poisoned needles
 v - 4 javelins (quivered)
 F - 4 curare-tipped needles
Armour
 c - a +0 robe (worn)
 w - a +0 pair of gloves (worn)
 x - a +1 cloak (worn)
 L - the +3 leather armour of Limitation {rN+ rCorr Stlth+, unknown}
   (You found it on level 6 of the Dungeon)

   It protects you from negative energy.
   It protects you from acid and corrosion.
   It makes you more stealthy.
Jewellery
 k - an uncursed ring of positive energy
 l - a +5 amulet of reflection {unknown}
 n - a ring of stealth (right hand)
 y - an uncursed ring of flight
 I - an uncursed amulet of regeneration {unknown}
 M - an uncursed ring of resist corrosion {unknown}
Scrolls
 a - 2 scrolls of enchant armour
 p - a scroll of recharging
 A - 5 scrolls of identify {unknown}
 B - a scroll of teleportation
 D - a scroll of magic mapping {unknown}
 E - 3 scrolls of remove curse
 H - a scroll of enchant weapon {unknown}
Potions
 h - 2 potions of haste {unknown}
 m - 3 potions of heal wounds {unknown}
 q - a potion of mutation {unknown}
 r - a potion of degeneration {unknown}
 z - 4 potions of flight {unknown}
 G - a potion of curing {unknown}
 K - a potion of brilliance {unknown}
Books
 e - a book of Geomancy

   Spells                             Type                      Level
   a - Sandblast                      Earth                        1
   b - Passwall                       Transmutation/Earth          2
   c - Stone Arrow                    Conjuration/Earth            3
   d - Petrify                        Transmutation/Earth          4
   e - Lee's Rapid Deconstruction     Earth                        5
Comestibles
 d - 3 bread rations
 s - a meat ration
 C - 2 slices of pizza


   Skills:
 - Level 1.5 Dodging
 - Level 2.1 Stealth
 * Level 6.9 Spellcasting
 + Level 5.0 Conjurations
   Level 0.7 Transmutations
 + Level 6.8 Earth Magic


You had 16 spell levels left.
You knew the following spells:

 Your Spells              Type           Power        Failure   Level  Hunger
a - Sandblast             Erth           ####..       1%          1    None
b - Stone Arrow           Conj/Erth      ####..       2%          3    ##.....


Dungeon Overview and Level Annotations

Branches:
Dungeon (6/15)
 Temple: D:4-7

Altars:
Elyvilon

Annotations:
D:6 4thArraOfDagon's ghost, novice DEFE; Eustachio


Innate Abilities, Weirdness & Mutations

You are resistant to torment.
Your stone body is resilient. (AC +5)
You are immune to poison.
You resist negative energy. (rN+)
You are resistant to electric shocks. (rElec)
You can survive without breathing.
You are immune to petrification.
You are immune to rotting.


Message History

Aiming: Stone Arrow
Press: ? - help, Shift-Dir - straight line, f/p - phantom
Aim: a phantom (moderately damaged)
The stone arrow hits the phantom.
The phantom is severely damaged.
The phantom hits you but does no damage. 4thArraOfDagon's ghost barely misses you.
Casting: Stone Arrow
Confirm with . or Enter, or press ? or * to list all spells.
Aiming: Stone Arrow
Press: ? - help, Shift-Dir - straight line, f/p - phantom
Aim: a phantom (severely damaged)
The stone arrow hits the phantom.
You destroy the phantom!
Your Conjurations skill increases to level 5! 4thArraOfDagon's ghost closely misses you. 4thArraOfDagon's ghost points at you and mumbles some strange words.
The fireball explodes!
The fireball engulfs you!
Ouch! That really hurt!
You die...

...≈# #.# ...≈#
#.# ≈≈≈≈# #.#
##### #.# ....#
#.# ....# #####
#.# ....###.#.#
#W# #.........#
##.#
....###.#.#####.@#
.....# #.......##
.#<######.#######
.#........#
.#..#####.# .#.##
### .#.### .#...#
.###.#


You could see 4thArraOfDagon's ghost.

Vanquished Creatures
  A water moccasin (D:6)
  A black bear (D:5)
  A phantom (D:6)
  An ogre (D:5)
  A centaur (D:5)
  The ghost of Aquadorian the Changer, an amateur OpTm (D:3)
  2 scorpions
  A howler monkey (D:5)
  2 crimson imps (D:6)
  A giant frog zombie (D:6)
  A centaur skeleton (D:3)
  A giant frog skeleton (D:4)
  An orc priest (D:2)
  A jelly (D:6)
  A worker ant (D:5)
  A hound zombie (D:5)
  A worker ant zombie (D:6)
  3 gnolls (D:6)
  14 adders
  2 oozes
  4 worms
  2 dart slugs
  6 giant geckos
  5 orcs
  10 bats
  5 giant cockroaches
  14 goblins
  15 hobgoblins
  9 jackals
  12 kobolds
  5 quokkas
  2 ball pythons
  A giant gecko zombie (D:6)
  6 giant newts
  11 rats
145 creatures vanquished.

Notes
Turn   | Place    | Note
-------+----------+-------------------------------------------
     0 | D:1      | mrath the Gargoyle Earth Elementalist began the quest for the Orb.
     0 | D:1      | Reached XP level 1. HP: 10/10 MP: 3/3
   209 | D:1      | Reached XP level 2. HP: 15/15 MP: 2/5
   862 | D:1      | Reached XP level 3. HP: 19/19 MP: 4/7
   895 | D:1      | Learned a level 3 spell: Stone Arrow
  1830 | D:2      | Reached XP level 4. HP: 24/24 MP: 6/9
  1893 | D:2      | Found a white marble altar of Elyvilon.
  2033 | D:2      | Reached skill level 1 in Conjurations
  2301 | D:2      | Reached XP level 5. HP: 22/28 MP: 7/11
  2644 | D:2      | Found a faded altar of an unknown god.
  3419 | D:3      | Reached XP level 6. HP: 32/32 MP: 9/12
  3834 | D:3      | Reached skill level 5 in Earth Magic
  3907 | D:3      | Noticed Aquadorian's ghost (amateur OpTm)
  3938 | D:3      | Killed Aquadorian's ghost
  3938 | D:3      | Reached skill level 5 in Spellcasting
  5264 | D:5      | Entered Level 5 of the Dungeon
  5516 | D:5      | Reached XP level 7. HP: 36/36 MP: 7/14
  6268 | D:6      | Noticed 4thArraOfDagon's ghost (novice DEFE)
  6663 | D:6      | Noticed Eustachio
  6819 | D:6      | Reached XP level 8. HP: 36/41 MP: 4/17
  7218 | D:5      | Upgraded the game from 0.19-a0-1216-g363869b to 0.19-a0-1223-gf83d13a
  7428 | D:6      | Got an ancient leather armour
  7703 | D:6      | Reached skill level 5 in Conjurations
  7706 | D:6      | Killed from afar by 4thArraOfDagon's ghost

Vault maps used:
D:1:      dpeg_arrival_prison
D:2:      elyvilon_altar_4, ecumenical_altar_1, minmay_pentomino_w4
D:5:      first_bread
D:6:      gammafunk_temple_overflow_claw, glass_columns_a, grunt_decor_fettered,
          kennysheep_generic_room_16, uniq_eustachio

Skill      XL: |  1  2  3  4  5  6  7  8 |
---------------+-------------------------+-----
Spellcasting   | 3 4 5 6 |  6.9
Earth Magic    | 4 5 6 |  6.8
Conjurations   | 1 2 3 4 5 |  5.0
Dodging        | |  1.5
Stealth        | |  2.1
Transmutations | |  0.7

Action                   |  1- 3 |  4- 6 |  7- 9 || total
-------------------------+-------+-------+-------++-------
Melee: Club              |     7 |       |       ||     7
       Whip              |       |    40 |    15 ||    55
 Fire: Blowgun           |       |       |     1 ||     1
Throw: Javelin           |       |       |     1 ||     1
 Cast: Sandblast         |    89 |   111 |    20 ||   220
       Stone Arrow       |       |    14 |    47 ||    61
  Use: Scroll            |       |     5 |       ||     5
  Eat: Chunk             |     3 |    11 |     7 ||    21
       Beef jerky        |       |       |     1 ||     1
Armor: Robe              |    21 |    32 |    30 ||    83
Dodge: Dodged            |    49 |    55 |    38 ||   142
